AoeStats
← MAC KING 984811

Arabia

510619693Analyzed
2v2 RM · 1d ago on Oct 1, 2026· 50m 6s· 4 players
Game mode
Random Map
Map size
Medium (4 player)
Population
200
Speed
Normal
Resources
Standard
Victory
Conquest
Starting age
Dark Age
Ending age
Imperial Age
RankedLock teamsTeams togetherTeam positionsShared explorationLock speedFull tech treeHidden civsTurbo modeCheats
Victory
Defeat
🇦🇷 Aztecs · Argentina
566
+8
🇦🇷 Inca · Argentina
397
+14
🇧🇪 Chinese · Belgium
445
-14
🇹🇷 Huns · Türkiye
293
-8
nejmi0
13:07 Feudal Age
14:56 Horse Collar
15:05 Double-Bit Axe
18:48 Forging
19:24 Scale Mail Armor
19:27 Padded Archer Armor
19:31 Man-at-Arms
22:43 Stone Mining
22:45 Gold Mining
27:54 Castle Age
27:22 Scale Barding Armor
27:08 Fletching
28:36 Heavy Plow
28:52 Bow Saw
28:38 Long Swordsman
31:01 Wheelbarrow
32:20 Fortified Wall
38:22 Crossbowman
38:24 Elite Skirmisher
aydinturkmen46
0:44 Loom
13:30 Feudal Age
17:17 Horse Collar
17:33 Double-Bit Axe
17:44 Gold Mining
17:45 Stone Mining
18:34 Wheelbarrow
25:19 Castle Age
24:02 Man-at-Arms
P O L K
1:11 Loom
10:33 Feudal Age
11:03 Double-Bit Axe
11:02 Horse Collar
12:00 Wheelbarrow
22:15 Castle Age
20:49 Padded Archer Armor
20:50 Scale Mail Armor
21:24 Forging
22:45 Stone Mining
23:19 Hand Cart
26:48 Chain Mail Armor
27:09 Iron Casting
27:17 Squires
27:03 Arson
27:26 Fletching
29:20 Bow Saw
29:14 Heavy Plow
29:12 Pikeman
29:16 Crossbowman
37:13 Imperial Age
34:37 Gold Mining
37:41 Stone Shaft Mining
37:10 Caravan
37:40 Coinage
38:55 Town Watch
39:03 Capped Ram
40:55 Siege Ram
44:28 Elite Kamayuk
45:45 Hoardings
MAC KING 984811
2:51 Loom
11:49 Feudal Age
13:16 Wheelbarrow
17:17 Horse Collar
21:34 Double-Bit Axe
25:23 Castle Age
26:11 Padded Archer Armor
26:32 Bow Saw
26:26 Heavy Plow
26:50 Heavy Plow
28:03 Hand Cart
27:15 Eagle Warrior
31:13 Squires
30:59 Arson
31:16 Squires
32:19 Crossbowman
34:03 Fletching
34:29 Leather Archer Armor
34:05 Fletching
34:30 Leather Archer Armor
34:26 Forging
34:07 Fletching
34:28 Forging
34:33 Leather Archer Armor
34:09 Fletching
34:30 Forging
34:47 Bodkin Arrow
35:07 Leather Archer Armor
35:08 Elite Skirmisher
41:46 Imperial Age
44:14 Chemistry
43:34 Ballistics
43:05 Heated Shot
42:48 Arbalester
44:07 Treadmill Crane
44:25 Gambesons
45:47 Bracer
46:22 Iron Casting
45:48 Scale Mail Armor
46:31 Arrowslits
48:01 Fortified Wall
47:42 Guard Tower
47:43 Elite Jaguar Warrior
Connection lost

Rejoining the realm…

Still unreachable

The connection could not be restored.

Session expired

The server has moved on; the page needs a fresh start.